Map: [ESL] Site Delta

Players

Lambo - Winner!

  • Race: Zerg Zerg
  • Spawn Location: 5:00

Geralt (Gerald)

  • Race: Protoss Protoss
  • League: Master
  • Spawn Location: 11:00

Event: Bellum Gens Elite Stara Zagora 2024

VOD

Have the link to the VOD?

Description

Time

  • Played on: Sept. 5, 2024, 8:23 a.m.
  • Length: 9:35

All games in this series

Show
View Real Time Build Order
Export as new Build Order

Lambo Zerg - Winner!

Build Orders: Hatch First 

Get SALT Encoding   

  12  0:00  Drone  
  13  0:12  Overlord  
  13  0:16  Drone  
  14  0:30  Drone x2  
  16  0:43  Drone  
  17  0:51  Hatchery  
  17  0:54  Drone  
  17  0:57  Drone  
  18  1:07  Extractor  
  17  1:13  Spawning Pool  
  17  1:15  Drone  
  17  1:21  Drone  
  18  1:27  Drone  
  19  1:38  Drone  
  20  1:50  Overlord  
  20  2:00  Queen  
  22  2:03  Queen  
  22  2:04  Drone, Zergling x2  
  26  2:09  Metabolic Boost  
  26  2:12  Drone  
  26  2:15  Drone  
  28  2:22  Zergling x2  
  29  2:25  Drone  
  30  2:34  Hatchery  
  30  2:36  Drone  
  30  2:41  Drone  
  31  2:46  Queen  
  31  2:49  Overlord  
  33  2:53  Zergling x2  
  33  2:57  Drone  
  33  2:58  Drone  
  36  3:08  Overlord  
  36  3:10  Zergling x4  
  36  3:11  Zergling x2  
  39  3:13  Drone x3  
  39  3:19  Queen  
  44  3:32  Drone x5  
  49  3:36  Queen  
  50  3:42  Drone  
  50  3:47  Overlord  
  51  3:49  Overlord  
  51  3:52  Overlord  
  51  4:02  Roach Warren  
  50  4:05  Queen, Overlord  
  50  4:06  Drone  
  50  4:08  Drone x5  
  58  4:12  Drone  
  61  4:20  Spore Crawler  
  61  4:21  Zergling x4  
  62  4:25  Drone  
  62  4:28  Spore Crawler, Drone x2  
  62  4:31  Zergling x4  
  65  4:33  Drone  
  65  4:37  Zergling x6  
  69  4:41  Drone x2  
  69  4:45  Drone  
  72  4:46  Drone x3  
  72  4:49  Lair  
  72  4:50  Drone, Spore Crawler  
  73  4:53  Zergling x2  
  73  4:56  Drone x3  
  77  5:00  Extractor  
  75  5:09  Drone x4  
  75  5:13  Extractor, Roach  
  80  5:15  Overlord, Evolution Chamber  
  80  5:17  Overlord  
  80  5:18  Overlord  
  80  5:21  Overlord  
  79  5:22  Overlord  
  79  5:24  Overlord  
  79  5:25  Drone x2  
  81  5:30  Extractor  
  81  5:31  Overlord  
  81  5:32  Drone  
  83  5:35  Drone x2  
  83  5:37  Drone  
  83  5:38  Extractor  
  83  5:39  Drone  
  83  5:40  Extractor  
  83  5:41  Zerg Melee Weapons Level 1  
  83  5:42  Overlord  
  83  5:45  Drone x6  
  83  5:48  Glial Reconstitution  
  83  5:49  Overseer  
  89  5:52  Drone x4  
  89  5:56  Overlord  
  93  6:04  Hatchery  
  93  6:10  Zergling x8  
  96  6:14  Drone, Spire  
  96  6:19  Roach  
  96  6:20  Roach x4  
  106  6:27  Roach x4  
  106  6:28  Roach x2  
  118  6:36  Roach x3  
  124  6:43  Drone x4  
  128  6:49  Roach x4  
  128  6:51  Drone x2  
  137  6:55  Drone  
  137  6:59  Drone x4  
  140  7:11  Roach x6  
  140  7:12  Extractor  
  152  7:15  Extractor, Roach  
  152  7:17  Hatchery  
  150  7:23  Overlord  
  150  7:25  Overlord  
  150  7:27  Zerg Flyer Weapons Level 1  
  149  7:34  Mutalisk  
  149  7:36  Overlord x3  
  149  7:39  Overlord  
  149  7:47  Mutalisk x6  
  161  7:52  Mutalisk  
  161  7:53  Mutalisk  
  161  7:55  Zergling x2  
  161  7:56  Zergling x16  
  174  7:58  Overseer  
  174  8:03  Mutalisk  
  176  8:11  Mutalisk x2  
  180  8:16  Zergling x22  
  191  8:24  Overseer  
  191  8:28  Mutalisk x3  
  195  8:40  Mutalisk x3  
  193  8:44  Zergling x20  
  186  8:50  Mutalisk  
  186  8:51  Mutalisk  
  186  8:54  Zergling x20  
  186  9:00  Mutalisk  
  175  9:04  Zergling x12  
  174  9:14  Zergling x8  
Show
View Real Time Build Order
Export as new Build Order

Geralt Protoss 

Build Orders: 1 Gate Expand, Zealot Archon, Dark Templar Rush 

Get SALT Encoding   

  12  0:00  Probe  
  13  0:12  Probe  
  14  0:19  Pylon  
  14  0:24  Probe (Chrono Boost)  
  15  0:38  Probe (Chrono Boost)  
  15  0:39  Gateway  
  16  0:45  Probe (Chrono Boost)  
  17  0:51  Assimilator  
  17  0:53  Probe  
  18  1:06  Probe  
  19  1:19  Probe  
  20  1:27  Nexus  
  20  1:31  Probe  
  21  1:38  Cybernetics Core  
  21  1:45  Assimilator, Probe  
  22  1:52  Pylon  
  22  1:58  Probe  
  23  2:11  Probe  
  23  2:12  Adept (Chrono Boost)  
  24  2:20  Twilight Council  
  26  2:23  Probe  
  27  2:30  Warp Gate  
  27  2:32  Adept (Chrono Boost)  
  27  2:35  Probe  
  30  2:40  Probe  
  31  2:47  Probe  
  32  2:52  Probe  
  32  2:53  Robotics Facility  
  32  2:58  Stalker  
  35  2:59  Probe  
  35  3:04  Probe  
  37  3:11  Probe  
  38  3:16  Probe  
  39  3:23  Probe  
  39  3:24  Dark Shrine  
  40  3:28  Probe  
  40  3:30  Pylon  
  40  3:33  Gateway  
  41  3:36  Probe  
  41  3:40  Adept, Probe  
  43  3:43  Warp Prism (Chrono Boost)  
  45  3:49  Probe (Chrono Boost)  
  45  3:51  Assimilator  
  45  3:53  Probe (Chrono Boost)  
  47  3:57  Assimilator  
  48  4:05  Pylon, Probe (Chrono Boost)  
  48  4:07  Probe (Chrono Boost)  
  48  4:08  Gateway  
  49  4:11  Probe (Chrono Boost)  
  49  4:14  Probe (Chrono Boost)  
  51  4:19  Probe  
  51  4:21  Pylon  
  52  4:31  Nexus  
  52  4:32  Probe  
  52  4:34  Probe  
  54  4:40  Dark Templar x2  
  58  4:46  Robotics Bay  
  58  4:47  Probe  
  58  4:50  Probe  
  60  4:56  Forge, Observer (Chrono Boost)  
  61  5:01  Probe, Pylon  
  61  5:03  Dark Templar  
  64  5:10  Immortal (Chrono Boost)  
  68  5:16  Probe  
  68  5:19  Blink  
  69  5:23  Probe  
  69  5:26  Shield Battery  
  69  5:27  Protoss Ground Weapons Level 1 (Chrono Boost)  
  70  5:28  Probe  
  70  5:29  Pylon  
  71  5:36  Probe, Dark Templar  
  71  5:40  Probe  
  75  5:47  Probe  
  76  5:51  Probe (Chrono Boost)  
  76  5:54  Probe (Chrono Boost)  
  78  5:57  Disruptor (Chrono Boost)  
  78  5:59  Probe (Chrono Boost)  
  78  6:01  Gravitic Drive  
  78  6:04  Probe (Chrono Boost)  
  84  6:06  Assimilator, Probe (Chrono Boost)  
  84  6:07  Assimilator  
  84  6:09  Gateway  
  85  6:13  Gateway  
  85  6:15  Probe  
  86  6:20  Probe  
  86  6:23  Disruptor (Chrono Boost), Probe  
  86  6:24  Gateway  
  88  6:25  Gateway  
  88  6:27  Probe  
  88  6:28  Pylon  
  88  6:30  Pylon  
  93  6:33  Archon, Probe  
  93  6:35  Pylon  
  93  6:37  Probe  
  93  6:38  Stalker x2  
  99  6:42  Probe  
  99  6:44  Pylon  
  100  6:48  Archon  
  100  6:50  Probe  
  100  6:51  Disruptor  
  105  6:54  Pylon  
  105  6:55  Stalker  
  107  7:03  Probe  
  104  7:09  Nexus, Pylon  
  104  7:14  Stalker x2  
  108  7:23  Pylon, Photon Cannon  
  108  7:26  Stalker x2  
  108  7:27  Disruptor (Chrono Boost)  
  116  7:38  Probe x3  
  116  7:41  Photon Cannon  
  119  7:46  Pylon  
  119  7:47  Pylon, Photon Cannon  
  119  7:50  Probe x2  
  119  7:51  Probe  
  122  7:53  Templar Archives  
  122  8:02  Probe, Dark Templar x3  
  122  8:03  Probe, Dark Templar  
  122  8:04  Probe  
  133  8:12  Immortal  
  137  8:14  Probe  
  137  8:15  Probe  
  137  8:16  Probe  
  137  8:18  Archon  
  137  8:19  Archon  
  140  8:21  Gateway  
  140  8:23  Gateway  
  140  8:27  Probe  
  141  8:28  Stalker x3  
  147  8:39  Stalker x2  
  147  8:40  Stalker x2  
  145  8:41  Probe  
  145  8:45  Probe  
  145  8:48  Probe  
  136  8:50  Disruptor  
  122  8:59  Stalker x3  
  113  9:08  Stalker x4  
  100  9:18  Probe  
Tags
 
Add a new tag
Caveats
  • Supply blocks, unpowered buildings, or Contaminate may cause inaccurate times.
  • Supply counts are checked every 10 seconds.